 Dungeon Crawl Stone Soup version 0.28-a0-1415-g7c84da036a (webtiles) character file.

Game seed: 6542097812359348934

88 horus123 the Conjurer (level 4, -6/24 HPs)
             Began as a Deep Elf Conjurer on Jan 7, 2022.
             Mangled by Crazy Yiuf (13 damage)
             ... on level 2 of the Dungeon.
             The game lasted 00:03:28 (2204 turns).

horus123 the Conjurer (Deep Elf Conjurer)           Turns: 2204, Time: 00:03:29

Health: -6/24      AC:  3    Str:  4    XL:     4   Next: 29%
Magic:  7/12       EV: 12    Int: 25    God:
Gold:   82         SH:  0    Dex: 13    Spells: 2/11 levels left

rFire   . . .      SeeInvis .   (no weapon)
rCold   . . .      Faith    .   (no shield)
rNeg    . . .      Spirit   .   a - +0 robe
rPois   .          Reflect  .   (no helmet)
rElec   .          Harm     .   (no cloak)
rCorr   .          Rampage  .   (no gloves)
Will    .....                   h - +0 pair of boots
Stlth   ++........              (no amulet)
HPRegen 0.08/turn               (no ring)
MPRegen 0.13/turn               (no ring)

@: lethally poisoned (-6 -> -15)
A: no striking features
a: no special abilities


You were on level 2 of the Dungeon.
You visited 1 branch of the dungeon, and saw 2 of its levels.

You collected 82 gold pieces.

Inventory:

Armour
 a - a +0 robe (worn)
 h - a +0 pair of boots (worn)
Jewellery
 i - a ring of fire
Scrolls
 c - a scroll of amnesia
 e - a scroll of vulnerability {unknown}
 f - a scroll of immolation
 j - a scroll of identify
Potions
 b - a potion of curing {unknown}
 d - a potion of heal wounds {unknown}
 g - a potion of degeneration {unknown}


   Skills:
 - Level 2.4 Dodging
 - Level 2.4 Stealth
 - Level 4.1 Spellcasting
 - Level 5.1 Conjurations
 - Level 3.3 Hexes
 + Level 0.1 Summonings


You had 2 spell levels left.
You knew the following spells:

 Your Spells              Type           Power      Damage    Failure   Level
a - Magic Dart            Conj           100%       1d8       1%          1
b - Searing Ray           Conj           60%        2d6       1%          2
c - Dazzling Flash        Conj/Hex       52%        N/A       4%          3
d - Call Canine Familiar  Summ           6%         N/A       26%         3

Your spell library contained the following spells:

 Spells                   Type           Power      Damage    Failure   Level
 Summon Small Mammal      Summ           24%        N/A       9%          1
 Summon Guardian Golem    Hex/Summ       13%        N/A       13%         3
 Fulminant Prism          Conj/Hex       13%        3d9       16%         4
 Gell's Gravitas          Tloc           5%         N/A       26%         3
 Lesser Beckoning         Tloc           5%         N/A       26%         3
 Teleport Other           Tloc           5%         N/A       26%         3
 Iskenderun's Mystic Bla  Conj/Tloc      17%        2d5       32%         4


Dungeon Overview and Level Annotations

Branches:
Dungeon (2/15)

Altars:

Annotations:
D:2 Crazy Yiuf


Message History

An endoplasm comes into view.
The magic dart hits the endoplasm!
You kill the endoplasm!
A rat comes into view.
The rat moves out of view.
You open the door.
There is an open door here.
The magic dart hits the rat.
You kill the rat!
You see here a rat corpse.
Found a buckler.
You see here a +0 buckler.
Crazy Yiuf shouts!
You open the door. Crazy Yiuf barely misses you.
Casting: Magic Dart (safe; 1% risk of failure)
Confirm with . or Enter, or press ? or * to list all spells.
Aiming: Searing Ray (safe; 1% risk of failure)
Press: ? - help, Shift-Dir - straight line, f - Crazy Yiuf
Aim: Crazy Yiuf, wielding a +2 quarterstaff of chaos and wearing a +0 cloak (82% to hit)
The searing ray misses Crazy Yiuf. (Press . to maintain the ray.) Crazy Yiuf drinks a potion.
Crazy Yiuf seems to grow stronger.
The searing ray hits Crazy Yiuf!
Crazy Yiuf is moderately wounded.
Crazy Yiuf screams, "Mama rumpyflump sow!"
Crazy Yiuf hits you with a +2 quarterstaff of chaos!
You are lethally poisoned!
The searing ray hits Crazy Yiuf.
Crazy Yiuf is severely wounded.
You feel very sick.
Crazy Yiuf says, "Candle head light!"
Crazy Yiuf misses you.
The searing ray hits Crazy Yiuf.
Crazy Yiuf is almost dead.
You finish channelling your searing ray.
* * * LOW HITPOINT WARNING * * *
You feel very sick.
Crazy Yiuf hits you with a +2 quarterstaff of chaos!
Ouch! That really hurt!
You die...

.#............###................
.#.......####.# #...#####........
.######### #.# #.........#.#....
.........# ### #########.#.#....
.######### #.#.#.... .#
♣♣♣♣♣##........ .# ###
♣♣♣.♣.....#.#.... .###
#...#♣..♣......#.#.#.. ...#
#...g@♣♣♣♣............ ...#######
#)..#♣♣ ♣♣....#.#.... .........#
### ♣♣##.#.#.... .........#
#.#.#.... <........# #.#.##...
...).....############ #.#.##...
#...........#.....#.# #.#.##...
#..)........####..#.# #.#......
#...........####..#.#####.#......


You could see Crazy Yiuf (strong).

Vanquished Creatures
  2 adders (D:2)
  3 gnolls (D:2)
  A worm (D:2)
  A dart slug (D:1)
  3 ball pythons
  5 bats
  2 endoplasms
  9 goblins
  A hobgoblin (D:2)
  2 quokkas (D:1)
  3 frilled lizards
  4 kobolds
  3 rats
39 creatures vanquished.

Notes
Turn   | Place    | Note
-------+----------+-------------------------------------------
     0 | D:1      | horus123 the Deep Elf Conjurer began the quest for the Orb.
     0 | D:1      | Reached XP level 1. HP: 10/10 MP: 6/6
   208 | D:1      | Reached XP level 2. HP: 15/15 MP: 3/9
   213 | D:1      | Learned a level 2 spell: Searing Ray
   883 | D:1      | Found a faded altar of an unknown god.
   985 | D:2      | Reached skill level 5 in Conjurations
   985 | D:2      | Reached XP level 3. HP: 19/19 MP: 7/10
   989 | D:2      | Learned a level 3 spell: Dazzling Flash
  1096 | D:2      | Reached skill level 1 in Hexes
  1610 | D:2      | Reached XP level 4. HP: 24/24 MP: 6/12
  1703 | D:2      | Learned a level 3 spell: Call Canine Familiar
  1789 | D:2      | Found a runed translucent door.
  1790 | D:2      | Noticed Crazy Yiuf
  2204 | D:2      | Mangled by Crazy Yiuf

Illustrated notes

Levels and vault maps discovered:
D:1:      minmay_arrival_cross, layout_basic, chequers_ecumenical_altar_lobes,
          minmay_crystal_room, minmay_misc_feat_enclosed
D:2:      layout_basic, uniq_crazy_yiuf_cottage

Skill      XL: |  1  2  3 |
---------------+----------+-----
Spellcasting   | 4 |  4.1
Conjurations   | 5 |  5.1
Hexes          | 3 |  3.3
Dodging        | |  2.4
Stealth        | |  2.4
Summonings     | |  0.1

Action                   |  1- 3 |  4- 6 || total
-------------------------+-------+-------++-------
 Cast: Magic Dart        |    61 |     2 ||    63
       Searing Ray       |     2 |     2 ||     4
  Use: Scroll            |     4 |       ||     4
Dodge: Dodged            |     3 |     2 ||     5

Table legend: (Time is in decaauts)
 A = Elapsed time spent in this place.
 B = Non-inter-level travel time spent in this place.
 C = Inter-level travel time spent in this place.
 D = Time resting spent in this place.
 E = Time spent auto-exploring this place.
 F = Levels seen in this place.
 G = Mean time per level.
                   A        B        C        D        E       F      G
               +--------+--------+--------+--------+--------+-----+--------+
         Total |   2203 |   2187 |     16 |    216 |   1783 |   2 | 1101.5 |
       Dungeon |   2203 |   2187 |     16 |    216 |   1783 |   2 | 1101.5 |
               +--------+--------+--------+--------+--------+-----+--------+

Top non-repeatable levels by time:
     D:2: 1229 daAuts
     D:1: 974 daAuts
